 Seeded DCSS version 0.30.1-11-g7821555f0a (webtiles) character file.

Game seed: 6351066067085065685 (custom seed)

2297 Esekla the Thaumaturge (level 9, -10/45 HPs)
             Began as a Deep Elf Wanderer on Nov 28, 2023.
             Was a Priest of Vehumet.
             Mangled by a two-headed ogre
             ... wielding a +0 giant club
              (28 damage)
             ... on level 7 of the Dungeon on Nov 29, 2023.
             The game lasted 00:47:14 (5727 turns).

Esekla the Thaumaturge (Deep Elf Wanderer)          Turns: 5727, Time: 00:47:14

Health: -10/45     AC:  5    Str: 11    XL:     9   Next: 17%
Magic:  24/26      EV: 13    Int: 23    God:    Vehumet [***...]
Gold:   405        SH:  0    Dex: 11    Spells: 19/31 levels left

rFire   . . .        c - +4 great sword
rCold   . . .        (shield currently unavailable)
rNeg    . . .        J - +0 robe
rPois   .            l - +0 helmet
rElec   .            F - +0 cloak
rCorr   .            k - +0 pair of gloves
SInv    .            (no boots)
Will    .....        A - amulet of magic regeneration
Stlth   ++           (no ring)
HPRegen 0.27/turn    (no ring)
MPRegen 0.60/turn

%: no passive effects
@: on blink cooldown
A: no striking features
a: Renounce Religion


You were on level 7 of the Dungeon.
You worshipped Vehumet.
Vehumet was most pleased with you.
You visited 1 branch of the dungeon, and saw 8 of its levels.

You collected 405 gold pieces.

Inventory:

Hand Weapons
 a - a +2 vampiric dagger
 c - a +4 great sword (weapon)
 r - a +4 trident of venom
 s - the +5 rapier of the Hero {heavy, rN+ Dex+3}
   (You found it on level 3 of the Dungeon)

   Dex:       It affects your dexterity (+3).
   rN:        It protects you from negative energy.
Missiles
 w - 22 poisoned darts (quivered)
 K - 5 curare-tipped darts
Armour
 k - a +0 pair of gloves (worn)
 l - a +0 helmet (worn)
 F - a +0 cloak (worn)
 J - a +0 robe (worn)
Jewellery
 A - an amulet of magic regeneration (around neck)
Wands
 i - a wand of roots (12)
 B - a wand of flame (12)
 H - a wand of mindburst (9)
Scrolls
 g - 8 scrolls of identify {unknown}
 n - a scroll of enchant armour {unknown}
 o - 2 scrolls of amnesia {unknown}
 p - 3 scrolls of enchant weapon {unknown}
 t - 5 scrolls of blinking {unknown}
 v - a scroll of immolation {unknown}
 x - 2 scrolls of fog {unknown}
 y - a scroll of silence {unknown}
 z - a scroll of magic mapping {unknown}
 C - 2 scrolls of fear
 D - a scroll of summoning {unknown}
 E - 2 scrolls of teleportation {unknown}
 G - 2 scrolls of poison {unknown}
 I - 3 scrolls of noise {unknown}
Potions
 b - 2 potions of lignification
 e - 2 potions of ambrosia {unknown}
 f - 6 potions of attraction {unknown}
 h - 2 potions of heal wounds {unknown}
 j - 6 potions of curing {unknown}
 m - a potion of mutation {unknown}
 q - 2 potions of haste {unknown}
 u - 3 potions of brilliance {unknown}


   Skills:
 + Level 2.1 Short Blades
 + Level 1.0 Throwing
 * Level 4.1 Dodging
 + Level 3.1 Stealth
 + Level 1.9 Shields
 * Level 11.5 Spellcasting
 * Level 3.9 Conjurations
 * Level 5.3 Necromancy
 + Level 4.3 Translocations
 + Level 1.3 Transmutations
 + Level 1.2 Fire Magic
 + Level 0.4 Poison Magic
 + Level 1.0 Invocations


You had 19 spell levels left.
You knew the following spells:

 Your Spells              Type           Power      Damage    Failure   Level
a - Magic Dart            Conj           100%       1d8       1%          1
b - Blink                 Tloc           66%        N/A       1%          2
d - Vampiric Draining     Necr           37%        2d8       1%          3
e - Searing Ray           Conj           62%        2d6       1%          2
n - Ignite Poison         Fire/Tmut/Pois 17%        N/A       2%          3
p - Apportation           Tloc           66%        N/A       1%          1

Your spell library contained the following spells:

 Spells                   Type           Power      Damage    Failure   Level
 Momentum Strike          Conj/Tloc      64%        3d9       1%          2
 Lesser Beckoning         Tloc           66%        N/A       1%          2
 Gell's Gravitas          Tloc           33%        N/A       2%          3
 Teleport Other           Tloc           33%        N/A       2%          3
 Spider Form              Tmut/Pois      17%        N/A       10%         3
 Cause Fear               Hex            6%         N/A       43%         4
 Summon Mana Viper        Hex/Summ       13%        N/A       80%         5


Dungeon Overview and Level Annotations

Branches:
Dungeon (8/15)             Temple (0/1) D:6
   Lair: D:8-11

Altars:
Dithmenos
Fedhas
Hepliaklqana
Okawaru
Qazlal
Trog
Vehumet
Zin
The Shining One

Shops:
D:2 =   D:4 (

Annotations:
D:2 black bear
D:6 Pikel
D:7 Joseph


Message History

The searing ray hits the orc!
You kill the orc!
Vehumet accepts your kill.
You feel your power returning.
Things that are here:
a +0 club; a +0 halberd; a gnoll corpse
Items here: )) [[ †.
Okay, then.
Items here: )) ††.
Okay, then.
Items here: )) [[ †.
Things that are here:
a +0 club; a +0 halberd; a gnoll corpse
Things that are here:
a +0 flail; a gnoll corpse A kobold brigand and a two-headed ogre come into view.
The kobold brigand is wielding a +0 short sword and quivering poisoned darts.
Casting: Searing Ray (safe; 1% risk of failure)
Confirm with . or Enter, or press ? or * to list all spells.
You blink.
The kobold brigand attacks as you move away!
The kobold brigand misses you.
The kobold brigand throws a poisoned dart.
The poisoned dart barely misses you.
The poisoned dart barely misses the two-headed ogre.
There is a stone staircase leading up here.
You feel stable enough to blink again.
The two-headed ogre hits you with a +0 giant club!!
Ouch! That really hurt!
The two-headed ogre closely misses you.
You climb upwards.
Level annotation: Joseph
There is a stone staircase leading down here.
You see here a wand of polymorph (10).
Casting: Blink (safe; 1% risk of failure)
Confirm with . or Enter, or press ? or * to list all spells.
You blink.
The two-headed ogre hits you with a +0 giant club!!
Ouch! That really hurt!
You die...

#.....)........#.(..#
#.......#####'##....#
#.......# #..##....#
#.......# #.###....#
######### #.# #.....
########.# #.....
#........#######.
####.............##.
#§O@........[....'..
####.......#.....###
#.....>.#.....#.<
#.......#.....#.#
#.......#.....#.#
#.......#.....#.#
#########.....#.#
#.....#.. #########


You could see a two-headed ogre.

Vanquished Creatures
  A wyvern (D:7)
  Menkaure (D:7)
  An ice beast (D:6)
  A sky beast (D:6)
  A black bear (D:6)
  2 ogres
  A centaur (D:7)
  A phantom (D:7)
  Blork the orc (D:6)
  A kobold brigand (D:6)
  A gnoll sergeant (D:7)
  A bullfrog (D:7)
  2 scorpions (D:5)
  3 wights (D:7)
  2 gnoll boudas
  6 hounds
  A jelly (D:6)
  Crazy Yiuf (D:7)
  A sleepcap (D:5)
  5 iguanas
  An orc wizard (D:7)
  21 gnolls
  9 adders
  4 white imps
  An ufetubus (D:6)
  A worm (D:4)
  3 dart slugs
  19 orcs
  4 endoplasms
  8 goblins
  5 hobgoblins
  A quokka (D:1)
  6 ball pythons
  4 bats
  4 frilled lizards
  12 kobolds
  A rat (D:2)
138 creatures vanquished.

Notes
Turn   | Place    | Note
-------+----------+-------------------------------------------
     0 | D:1      | Esekla the Deep Elf Wanderer began the quest for the Orb.
     0 | D:1      | Esekla set off with the following items: a +0 club, a
                  | potion of lignification, a +0 robe, a +0 buckler; and the
                  | following spells available to memorise: Apportation, Blink,
                  | Lesser Beckoning, Magic Dart, Ignite Poison, Vampiric
                  | Draining.
     0 | D:1      | Reached XP level 1. HP: 10/10 MP: 7/7
     2 | D:1      | Learned a level 1 spell: Magic Dart
     4 | D:1      | Learned a level 1 spell: Apportation
   259 | D:2      | Found Renulab's Jewellery Shop.
   264 | D:2      | You fall into a shaft and drop 2 floors!
   321 | D:4      | Found a radiant altar of Vehumet.
   329 | D:4      | Found an iron altar of Okawaru.
   340 | D:4      | Found a glowing silver altar of Zin.
   491 | D:4      | Became a worshipper of Vehumet
   798 | D:3      | Reached XP level 2. HP: 15/15 MP: 0/9
   801 | D:3      | Learned a level 2 spell: Blink
   928 | D:4      | Found Ponaysk's Antique Weapon Boutique.
  1098 | D:3      | Reached skill level 5 in Spellcasting
  1414 | D:2      | Noticed a black bear
  1435 | D:1      | Reached XP level 3. HP: 18/19 MP: 11/11
  1441 | D:1      | Learned a level 3 spell: Ignite Poison
  1445 | D:1      | Learned a level 3 spell: Vampiric Draining
  1606 | D:1      | Reached * piety under Vehumet
  1606 | D:1      | Offered knowledge of Shock by Vehumet.
  1869 | D:2      | Reached skill level 1 in Short Blades
  1881 | D:2      | Reached skill level 1 in Necromancy
  2026 | D:2      | Reached skill level 1 in Dodging
  2026 | D:2      | Reached XP level 4. HP: 24/24 MP: 9/13
  2046 | D:3      | Identified the +5 rapier of the Hero {heavy, rN+ Dex+3}
  2371 | D:3      | Found a stormy altar of Qazlal.
  2382 | D:3      | Reached skill level 1 in Conjurations
  2386 | D:3      | Reached skill level 6 in Spellcasting
  2404 | D:3      | Found a bloodstained altar of Trog.
  2407 | D:3      | Found a hazy altar of Hepliaklqana.
  2622 | D:2      | Found a faded altar of an unknown god.
  2656 | D:2      | Reached XP level 5. HP: 28/28 MP: 10/15
  2840 | D:5      | Entered Level 5 of the Dungeon
  2850 | D:5      | Got the Parchment of the Lumpy Olives
  2874 | D:5      | Found a shadowy altar of Dithmenos.
  3033 | D:5      | Reached skill level 7 in Spellcasting
  3033 | D:5      | Reached XP level 6. HP: 32/32 MP: 18/18
  3397 | D:5      | Reached ** piety under Vehumet
  3398 | D:5      | Reached skill level 8 in Spellcasting
  3447 | D:4      | Offered knowledge of Searing Ray by Vehumet.
  3451 | D:4      | Learned a level 2 spell: Searing Ray
  3510 | D:4      | Found a glowing golden altar of the Shining One.
  3558 | D:4      | Reached XP level 7. HP: 30/36 MP: 15/20
  4015 | D:6      | Reached skill level 9 in Spellcasting
  4190 | D:6      | Noticed Blork the orc
  4195 | D:6      | Killed Blork the orc
  4279 | D:7      | Found a runed translucent door.
  4280 | D:7      | Noticed Crazy Yiuf
  4287 | D:7      | Killed Crazy Yiuf
  4288 | D:7      | Reached XP level 8. HP: 41/41 MP: 19/23
  4403 | D:7      | Noticed Menkaure
  4409 | D:7      | Killed Menkaure
  4410 | D:7      | Reached skill level 10 in Spellcasting
  4510 | D:7      | Offered knowledge of Momentum Strike by Vehumet.
  4667 | D:7      | Reached skill level 1 in Throwing
  4769 | D:7      | Noticed Joseph
  4830 | D:6      | Found a staircase to the Ecumenical Temple.
  4940 | D:6      | Reached skill level 5 in Necromancy
  4968 | D:6      | Noticed Pikel
  5024 | D:6      | Reached skill level 11 in Spellcasting
  5096 | D:6      | Reached *** piety under Vehumet
  5148 | D:6      | Found a blossoming altar of Fedhas.
  5413 | D:7      | Reached XP level 9. HP: 45/45 MP: 23/26
  5547 | D:7      | Reached skill level 1 in Transmutations
  5557 | D:7      | Reached skill level 1 in Fire Magic
  5720 | D:8      | Noticed a two-headed ogre
  5727 | D:7      | Mangled by a two-headed ogre

Illustrated notes

Levels and vault maps discovered:
D:1:      sevenhm_arrival_forest_fort_small_3, layout_rooms,
          chequers_serial_rivers_room_b, minmay_misc_feat_five
D:2:      layout_loops_ring, dreamdust_ecumenical_altar_angels_and_demons,
          serial_shops, shop
D:3:      layout_basic, grunt_temple_overflow_open, minmay_misc_feat_iff
D:4:      layout_basic, nicolae_overflow_quartered_altars, serial_shops,
          nicolae_diamond_shop
D:5:      layout_loops_ring, lemuel_doored_altar, minmay_misc_feat_rows,
          dreamdust_wishing_well
D:6:      layout_loops_cross, fedhas_altar_fruit_tree,
          minmay_temple_entry_glass, uniq_pikel, uniq_blork_the_orc
D:7:      layout_basic, uniq_menkaure, uniq_joseph, uniq_crazy_yiuf_cottage
D:8:      layout_basic, nicolae_uskayaw_dance_hall, serial_demonic,
          serial_demonic_d, serial_demonic_a, serial_demonic_c,
          serial_demonic_c, nicolae_diode_quadrants

Skill      XL: |  1  2  3  4  5  6  7  8  9 |
---------------+----------------------------+-----
Spellcasting   | 5 6 7 8 9 11 | 11.5
Short Blades   | 1 2 |  2.1
Necromancy     | 1 2 3 5 |  5.3
Dodging        | 1 2 4 |  4.1
Conjurations   | 1 2 3 |  3.9
Stealth        | 2 3 |  3.1
Translocations | 3 4 |  4.3
Throwing       | 1 |  1.0
Transmutations | 1 |  1.3
Fire Magic     | 1 |  1.2
Shields        | |  1.9
Poison Magic   | |  0.4
Invocations    | |  1.0

Action                     |  1- 3 |  4- 6 |  7- 9 || total
---------------------------+-------+-------+-------++-------
  Melee: Short sword       |    72 |     2 |       ||    74
         Rapier            |       |    33 |    17 ||    50
         Dagger            |       |    37 |    12 ||    49
  Throw: Dart              |       |    16 |    18 ||    34
   Cast: Apportation       |    26 |    16 |    48 ||    90
         Magic Dart        |    58 |    40 |    12 ||   110
         Blink             |     2 |     2 |     4 ||     8
         Vampiric Draining |       |    25 |    13 ||    38
         Searing Ray       |       |     1 |    37 ||    38
         Ignite Poison     |       |       |     3 ||     3
  Evoke: Wand              |       |       |     7 ||     7
    Use: Scroll            |     1 |       |       ||     1
   Stab: Sleeping          |     3 |     2 |     7 ||    12
 Armour: Robe              |    28 |    17 |    18 ||    63
  Dodge: Dodged            |    51 |    52 |    41 ||   144
  Block: Buckler           |    13 |    15 |     9 ||    37
